 Dungeon Crawl Stone Soup version 0.28.0-43-g3370ac3207 (webtiles) character file.

Game seed: 16051801395662141528

17886 pkoi the Zephyrmancer (level 11, -6/79 HPs)
             Began as a Demigod Air Elementalist on Mar 26, 2022.
             Mangled by a blink frog (12 damage)
             ... on level 3 of the Lair of Beasts.
             The game lasted 00:26:25 (26325 turns).

pkoi the Zephyrmancer (Demigod Air Elementalist)   Turns: 26325, Time: 00:26:26

Health: -6/79      AC:  7    Str:  9    XL:     11   Next: 96%
Magic:  16/28      EV: 14    Int: 35    God:
Gold:   641        SH:  0    Dex: 14    Spells: 10/27 levels left

rFire   + . .      SeeInvis .   A - +0 whip (venom)
rCold   . . .      Faith    .   (no shield)
rNeg    . . .      Spirit   .   a - +1 robe
rPois   .          Reflect  .   (helmet restricted)
rElec   .          Harm     .   J - +0 cloak
rCorr   .          Rampage  .   j - +1 Delatra's gloves {ID++}
Will    +....                   L - +0 pair of boots
Stlth   ++........              (no amulet)
HPRegen 0.23/turn               l - ring of protection from fire
MPRegen 0.21/turn               N - +6 ring of intelligence

@: lethally poisoned (-6 -> -23), studying Unarmed Combat
A: high MP 1, forlorn, divine attributes, horns 1, deterioration 1
a: no special abilities


You were on level 3 of the Lair of Beasts.
You visited 2 branches of the dungeon, and saw 14 of its levels.

You collected 641 gold pieces.

Inventory:

Hand Weapons
 c - a +3 whip of flaming
 f - a +0 dagger
 m - a +0 whip
 q - a +0 dagger of protection
 A - a +0 whip of venom (weapon)
 G - a +1 dagger of venom
Missiles
 g - 4 poisoned darts
 H - 4 curare-tipped darts
Armour
 a - a +1 robe (worn)
 j - the +1 Delatra's gloves (worn) {ID++}
   (You found it on level 5 of the Dungeon)

   It heals its wearer when they drink unknown potions.
   It restores its wearer's MP when they read unknown scrolls.
 J - a +0 cloak (worn)
 L - a +0 pair of boots (worn)
Magical Staves
 i - a staff of death
Jewellery
 d - a ring of ice
 l - a ring of protection from fire (left hand)
 t - a ring of flight
 N - a +6 ring of intelligence (right hand)
Wands
 h - a wand of flame (10)
 w - a wand of acid (3)
 D - a wand of iceblast (5)
 M - a wand of paralysis (2)
Scrolls
 e - 4 scrolls of identify
 k - 3 scrolls of teleportation
 s - a scroll of enchant armour
 x - 5 scrolls of fear
 y - a scroll of blinking
 B - a scroll of enchant weapon
 E - a scroll of fog {unknown}
 I - 3 scrolls of amnesia {unknown}
 K - 2 scrolls of magic mapping
 O - a scroll of noise {unknown}
Potions
 b - a potion of brilliance
 n - 3 potions of attraction
 o - 4 potions of curing
 p - 2 potions of lignification
 r - 4 potions of heal wounds
 u - 3 potions of haste
 v - 4 potions of might
 z - 2 potions of flight
 C - a potion of degeneration {unknown}
 F - a potion of resistance {unknown}


   Skills:
 + Level 2.2 Fighting
 + Level 5.5 Dodging
 - Level 1.7 Stealth
 + Level 9.9 Unarmed Combat
 + Level 8.7 Spellcasting
 - Level 2.0 Conjurations
 + Level 4.2 Translocations
 + Level 12.8 Air Magic


You had 10 spell levels left.
You knew the following spells:

 Your Spells              Type           Power      Damage    Failure   Level
a - Shock                 Conj/Air       100%       1d9       1%          1
b - Static Discharge      Conj/Air       61%        N/A       1%          2
c - Airstrike             Air            40%        N/A       1%          4
d - Swiftness             Air            81%        N/A       1%          3
e - Blink                 Tloc           88%        N/A       1%          2
f - Manifold Assault      Tloc           44%        N/A       14%         5

Your spell library contained the following spells:

 Spells                   Type           Power      Damage    Failure   Level
 Lesser Beckoning         Tloc           44%        N/A       1%          3
 Animate Skeleton         Necr           30%        N/A       2%          1
 Pain                     Necr           60%        1d7       2%          1
 Vampiric Draining        Necr           15%        2d7       9%          3
 Animate Dead             Necr           7%         N/A       28%         4
 Agony                    Necr           15%        N/A       61%         5
 Borgnjor's Vile Clutch   Necr/Erth      7%         N/A       61%         5
 Excruciating Wounds      Necr           7%         N/A       61%         5
 Dispersal                Tloc           22%        N/A       61%         6
 Death Channel            Necr           7%         N/A       99%         6
 Disjunction              Tloc           22%        N/A       100%        8


Dungeon Overview and Level Annotations

Branches:
Dungeon (10/15)            Temple (0/1) D:6            Lair (4/6) D:9
 Shoals (0/4) Lair:2        Snake (0/4) Lair:2          Orc (0/2) D:9

Shops:
D:4 (   D:5 =

Annotations:
D:2 wall vault
Lair:1 2 runed translucent doors, avis's ghost, journeyman VSTm


Innate Abilities, Weirdness & Mutations

You have an increased reservoir of magic. (+10% MP)
You shall have no god before yourself.
Your divine heritage dramatically boosts your attributes as you level up.
You have a pair of small horns on your head.
Your body sometimes deteriorates upon taking damage.


Message History

* * * LOW HITPOINT WARNING * * *
You are poisoned.
The black mamba poisons you!
You feel very sick. The blink frog hits you.
* * * LOW HITPOINT WARNING * * *
The blink frog blinks!
The wolf misses you. The black mamba bites you!
* * * LOW HITPOINT WARNING * * *
Aiming: Airstrike (safe; 1% risk of failure)
Press: ? - help, Q - select action, (/) - cycle Dir - move target, f - black mamba
Aim: a black mamba (empty space bonus: 4/8)
The air twists around and strikes the black mamba!
The black mamba is moderately wounded.
You feel very sick. The wolf bites you but does no damage.
The black mamba bites you!
* * * LOW HITPOINT WARNING * * *
You are lethally poisoned!
The black mamba poisons you!
Unknown command.
Aiming: Airstrike (safe; 1% risk of failure)
Press: ? - help, Q - select action, (/) - cycle Dir - move target, f/p - black mamba
Aim: a black mamba (moderately wounded, empty space bonus: 4/8)
The air twists around and strikes the black mamba!!
The black mamba is almost dead.
* * * LOW HITPOINT WARNING * * *
You feel very sick. The black mamba bites you!
* * * LOW HITPOINT WARNING * * *
The wolf barely misses you. The black mamba closely misses you.
The wolf closely misses you.
The blink frog hits you but does no damage.
Aiming: Airstrike (safe; 1% risk of failure)
Press: ? - help, Q - select action, (/) - cycle Dir - move target, f/p - black mamba
Aim: a black mamba (almost dead, empty space bonus: 4/8)
The air twists around and strikes the black mamba!
You kill the black mamba!
* * * LOW HITPOINT WARNING * * *
You feel very sick. The wolf misses you. The blink frog hits you!
You die...

### # ### #.######### ###
###.#####.....##.## #..
#.....###.........# ##..
##......#........## ##...
###.............F.## #....
#.#....†........@.P# #....
.....##..#.##..h..P#### ###..
...####..#####....###.#### #..
.#####..#### ##>.## ##...#######.
.#.#.......####...###.......#.#>.
###..[........###.##..........#..
.#..............##...............
#............<...#...............
................##...............


You could see a blink frog and a wolf.

Vanquished Creatures
  A hydra (Lair:2)
  Erica (Lair:2)
  Sonja (D:10)
  6 elephants (Lair:3)
  2 black mambas
  6 cane toads
  An efreet (D:9)
  A rime drake (Lair:3)
  3 komodo dragons
  A troll (D:10)
  A blink frog (Lair:4)
  A polar bear (Lair:3)
  A vampire (D:9)
  A wraith (D:10)
  18 yaks
  4 wyverns
  Edmund (D:4)
  2 nagas (Lair:2)
  An acid dragon (D:10)
  7 water moccasins
  Duvessa (D:5)
  2 necrophages
  4 orc warriors
  An ice beast (D:6)
  2 black bears
  A sky beast (D:8)
  7 centaurs
  3 ogres
  13 wolves
  2 phantoms
  7 bullfrogs
  8 scorpions
  A water moccasin zombie (D:5)
  A water moccasin skeleton (D:6)
  Dowan (D:5)
  3 wights (D:9)
  4 howler monkeys (D:7)
  2 centaur zombies (D:8)
  3 hounds
  Crazy Yiuf (D:5)
  12 orc priests
  A jelly (D:8)
  6 iguanas
  10 orc wizards
  A hound zombie (D:5)
  A howler monkey zombie (D:7)
  A howler monkey skeleton (D:5)
  6 adders
  A river rat (D:5)
  A shadow imp (D:8)
  14 white imps
  2 worms
  41 orcs
  An endoplasm (D:1)
  2 giant cockroaches
  3 goblins
  6 hobgoblins
  4 jackals (D:3)
  9 kobolds
  3 quokkas
  6 ball pythons
  2 frilled lizards
  4 rats
264 creatures vanquished.

Vanquished Creatures (others)
  16 fungi
  42 plants
58 creatures vanquished.

Grand Total: 322 creatures vanquished

Notes
Turn   | Place    | Note
-------+----------+-------------------------------------------
     0 | D:1      | pkoi the Demigod Air Elementalist began the quest for the
                  | Orb.
     0 | D:1      | Reached XP level 1. HP: 14/14 MP: 5/5
   435 | D:1      | Reached skill level 3 in Air Magic
   620 | D:1      | Reached XP level 2. HP: 20/20 MP: 7/7
   634 | D:1      | Learned a level 2 spell: Static Discharge
   904 | D:1      | Reached skill level 1 in Conjurations
  2218 | D:3      | Reached XP level 3. HP: 26/26 MP: 8/8
  2849 | D:4      | Noticed a scorpion
  2916 | D:4      | Noticed Edmund
  3032 | D:5      | Entered Level 5 of the Dungeon
  3058 | D:5      | Found Pabodaur's Jewellery Shop.
  3133 | D:5      | Noticed an ogre
  3134 | D:5      | Reached skill level 4 in Air Magic
  3153 | D:5      | Killed an ogre
  3154 | D:5      | Reached XP level 4. HP: 28/33 MP: 3/10
  3159 | D:5      | Learned a level 4 spell: Airstrike
  3252 | D:5      | Reached XP level 5. HP: 32/38 MP: 8/11
  3427 | D:5      | Noticed a necrophage
  3437 | D:5      | Killed a necrophage
  3438 | D:5      | Reached skill level 5 in Air Magic
  3464 | D:5      | Reached XP level 6. HP: 12/45 MP: 1/13
  3464 | D:5      | Gained mutation: Your muscles are strong. (Str +2) [potion
                  | of mutation]
  3464 | D:5      | Gained mutation: You are occasionally teleported next to
                  | monsters. [potion of mutation]
  3464 | D:5      | Lost mutation: Your muscles are strong. (Str +2) [potion of
                  | mutation]
  3464 | D:5      | Gained mutation: Your system is resistant to poisons.
                  | (rPois) [potion of mutation]
  3653 | D:5      | Noticed Duvessa
  3653 | D:5      | Noticed Dowan
  4018 | D:4      | Reached skill level 6 in Air Magic
  4363 | D:4      | Lost mutation: You are occasionally teleported next to
                  | monsters. [potion of mutation]
  4363 | D:4      | Lost mutation: Your system is resistant to poisons. (rPois)
                  | [potion of mutation]
  4363 | D:4      | Gained mutation: You do not regenerate when monsters are
                  | visible. [potion of mutation]
  4363 | D:4      | Lost mutation: You do not regenerate when monsters are
                  | visible. [potion of mutation]
  4363 | D:4      | Gained mutation: Your body sometimes deteriorates upon
                  | taking damage. [potion of mutation]
  4363 | D:4      | Gained mutation: You have a pair of small horns on your
                  | head. [potion of mutation]
  4477 | D:4      | Noticed a water moccasin
  4521 | D:4      | Killed a water moccasin
  4522 | D:4      | Reached XP level 7. HP: 25/50 MP: 6/16
  4830 | D:4      | Found Ypteb's Weapon Emporium.
  5189 | D:4      | Killed Edmund
  5190 | D:4      | Reached skill level 7 in Air Magic
  5892 | D:5      | Found the +1 Delatra's gloves {ID++}
  6486 | D:5      | Reached XP level 8. HP: 57/57 MP: 9/18
  7110 | D:6      | Reached skill level 8 in Air Magic
  7112 | D:6      | Reached skill level 5 in Spellcasting
  8138 | D:6      | Reached skill level 9 in Air Magic
  8280 | D:6      | Found a staircase to the Ecumenical Temple.
  8651 | D:6      | Learned a level 3 spell: Swiftness
  8762 | D:6      | Reached skill level 1 in Unarmed Combat
  9533 | D:7      | Reached XP level 9. HP: 62/62 MP: 5/21
 11382 | D:7      | Reached skill level 10 in Air Magic
 12869 | D:8      | Reached skill level 5 in Unarmed Combat
 13635 | D:9      | Found a staircase to the Orcish Mines.
 13958 | D:8      | Reached skill level 11 in Air Magic
 14078 | D:9      | Reached XP level 10. HP: 69/69 MP: 4/24
 14388 | D:9      | Found a staircase to the Lair.
 16902 | D:10     | Entered Level 10 of the Dungeon
 17569 | D:10     | Noticed Sonja
 17572 | D:10     | Killed Sonja
 17573 | D:10     | Reached skill level 12 in Air Magic
 18268 | D:9      | Learned a level 2 spell: Blink
 18274 | D:9      | Learned a level 5 spell: Manifold Assault
 18457 | D:5      | Killed Duvessa
 18463 | D:5      | Killed Dowan
 18602 | D:5      | Found a runed translucent door.
 18603 | D:5      | Noticed Crazy Yiuf
 18615 | D:5      | Killed Crazy Yiuf
 18936 | Lair:1   | Entered Level 1 of the Lair of Beasts
 19310 | Lair:1   | Reached skill level 1 in Translocations
 19420 | Lair:1   | Found a large runed translucent door.
 19420 | Lair:1   | Found a large runed translucent door.
 19422 | Lair:1   | Noticed avis's ghost (journeyman VSTm)
 19429 | Lair:1   | Noticed a black mamba
 19432 | Lair:1   | Killed a black mamba
 19848 | Lair:1   | Reached XP level 11. HP: 74/74 MP: 7/27
 20919 | Lair:2   | Found a staircase to the Shoals.
 20937 | Lair:2   | Found a staircase to the Snake Pit.
 21107 | Lair:2   | Noticed a seven-headed hydra
 21111 | Lair:2   | Noticed Erica
 21113 | Lair:2   | Killed a seven-headed hydra
 21234 | Lair:2   | Killed Erica
 22942 | Lair:3   | Identified the +9 halberd "Cemnuoph" {drain, Str+3}
 23242 | Lair:3   | Reached skill level 5 in Dodging
 23246 | Lair:3   | Reached skill level 1 in Fighting
 26325 | Lair:3   | Mangled by a blink frog

Illustrated notes

Levels and vault maps discovered:
D:1:      dpeg_arrival_signposts, layout_basic, hangedman_decor_points,
          hangedman_abyss_or_decor_lesser_grid, minmay_tree_intersection
D:2:      layout_loops_corners, serial_glass, glass_columns_b, glass_columns_a,
          feat_on_display, due_unseen_surprise, minmay_fountain_box
D:3:      layout_rooms
D:4:      layout_basic, serial_shops, kennysheep_mini, kennysheep_small_square,
          uniq_edmund
D:5:      layout_loops_ring, serial_shops, nicolae_shop_stone,
          portal_sewer_entry_c, uniq_crazy_yiuf_cottage, uniq_duvessa
D:6:      layout_cave_pods, minmay_temple_entry_slanted, supply_closet_lemuel,
          minmay_manual_moon
D:7:      layout_loops_corners
D:8:      layout_basic, pf_just_have_faith, kennysheep_generic_room_7
D:9:      layout_basic, lair_entry_dummy, orc_0_dummy
D:10:     layout_long_grid, uniq_sonja
Lair:1:   layout_regular_city, ebering_ghost_disaster_area,
          small_statue_intersection, grunt_megastairs_1
Lair:2:   layout_long_grid, minmay_shoals_entry_centaurs,
          guppyfry_snake_entry_garden, portal_ice_cave_entry_imps,
          lemuel_fruit_tree, uniq_erica
Lair:3:   layout_cave_pods, minivault_23, beast_lair_carwin_11,
          serial_bayou_shore_a
Lair:4:   minmay_lair_oklob_chamber, layout_regular_city

Skill      XL: |  1  2  3  4  5  6  7  8  9 10 11 |
---------------+----------------------------------+-----
Air Magic      | 3 4 5 6 7 9 11 12 | 12.8
Conjurations   | 1 2 |  2.0
Spellcasting   | 2 3 4 5 7 8 |  8.7
Unarmed Combat | 1 5 8 9 |  9.9
Dodging        | 3 5 |  5.5
Translocations | 1 4 |  4.2
Fighting       | 2 |  2.2
Stealth        | |  1.7

Action                   |  1- 3 |  4- 6 |  7- 9 | 10-12 || total
-------------------------+-------+-------+-------+-------++-------
Melee: Unarmed           |     4 |       |       |       ||     4
       Dagger            |       |     1 |     5 |       ||     6
       Whip              |       |       |       |    52 ||    52
       Headbutt          |       |       |       |    12 ||    12
       Punch             |       |       |       |     1 ||     1
 Fire: Hunting sling     |    84 |     7 |    18 |       ||   109
 Cast: Shock             |    29 |    45 |    49 |     4 ||   127
       Static Discharge  |     3 |       |       |     1 ||     4
       Airstrike         |       |       |   168 |   237 ||   405
Evoke: Wand              |       |       |       |     1 ||     1
  Use: Scroll            |     2 |     3 |     7 |     1 ||    13
       Potion            |       |     7 |     1 |       ||     8
Armor: Robe              |    11 |     8 |     6 |    36 ||    61
Dodge: Dodged            |    40 |    23 |    39 |   104 ||   206
